 Dungeon Crawl Stone Soup version 0.17.1-2-g5865329 (webtiles) character file.

11 Pepeogr the Ruffian (level 2, 0/23 HPs)
             Began as a Draconian Transmuter on Feb 9, 2016.
             Succumbed to an adder's poison
             ... on level 1 of the Dungeon.
             The game lasted 00:05:16 (520 turns).

Pepeogr the Ruffian (Draconian Transmuter)           Turns: 520, Time: 00:05:16

Health: 0/23       AC:  4    Str: 12    XL:     2   Next: 17%
Magic:  3/5        EV: 12    Int: 13    God:
Gold:   32         SH:  0    Dex: 11    Spells: 2 memorised, 2 levels left

rFire  . . .     SeeInvis .     k - +0 hand axe
rCold  . . .     Clarity  .     (armour unavailable)
rNeg   . . .     SustAt   .     (no shield)
rPois  .         Gourm    .     (helmet restricted)
rElec  .         Spirit   .     (no cloak)
rCorr  .         Warding  .     (no gloves)
rMut   .         Stasis   .     (no boots)
MR     .....                    (no amulet)
Stlth  +.........               (no ring)
                                (no ring)

@: lethally poisoned (0 -> -4), very slightly contaminated, not resistant to
hostile enchantments, very unstealthy
A: unfitting armour, cold-blooded, AC +4
a: no special abilities


You were on level 1 of the Dungeon.
You were not hungry.

You visited 1 branch of the dungeon, and saw 2 of its levels.

You collected 32 gold pieces.

Inventory:

Hand Weapons
 h - a +0 club
 k - a +0 hand axe (weapon)
Missiles
 a - 30 arrows
 i - 9 bolts
Scrolls
 d - 2 scrolls of remove curse {unknown}
 f - a scroll of immolation {unknown}
Potions
 e - a potion of resistance {unknown}
 g - a potion of invisibility {unknown}
 j - a potion of curing {unknown}
Books
 b - a book of Changes

   Spells                             Type                      Level
   a - Beastly Appendage              Transmutation                1
   b - Sticks to Snakes               Transmutation                2
   c - Spider Form                    Transmutation/Poison         3
   d - Ice Form                       Ice/Transmutation            4
   e - Blade Hands                    Transmutation                5
Comestibles
 c - a bread ration


   Skills:
 + Level 1.2 Fighting
 + Level 2.1 Dodging
 + Level 3.2 Unarmed Combat
 + Level 2.0 Spellcasting
 + Level 2.2 Transmutations


You had 2 spell levels left.
You knew the following spells:

 Your Spells              Type           Power        Failure   Level  Hunger
a - Beastly Appendage     Trmt           #.....       12%         1    ##.....
b - Sticks to Snakes      Trmt           #.........   17%         2    ###....


Dungeon Overview and Level Annotations

Branches:
Dungeon (2/15)

Altars:


Innate Abilities, Weirdness & Mutations

Your plain brown scales are hard (AC +4).
Your body does not fit into most forms of armour.
You are cold-blooded and may be slowed by cold attacks.


Message History

You closely miss the adder.
You feel sick. The adder completely misses you. The adder bites you.
You feel sick. The adder bites you. The adder barely misses you.
Casting: Sticks to Snakes
Confirm with . or Enter, or press ? or * to list all spells.
You miscast Sticks to Snakes.
You are very lightly contaminated with residual magic.
Your skin tingles.
You feel sick. The adder closely misses you.
The adder bites you but does no damage.
There is a stone staircase leading up here.
The adder bites you.
You can't go down here!
The adder bites you.
* * * LOW HITPOINT WARNING * * *
The adder bites you.
* * * LOW HITPOINT WARNING * * *
You climb upwards.
You die...

.....# ####.# #.# #####
###.### #################)..#
#.....# #..............)....#
##.#.#.###.##.##.#########...#
.......... #.# ##.##
##.#.#.### #S# #.# ##÷....#
#@# #.# ......#######.##.# #.#
####÷.........##.# #.#
#.###########.# #.# #.# #.#
#.# ####.######## #.# #.#
............. ..# ########.#
#####.####### ### #........#
#.# #.#####..#


You could see an adder.

Vanquished Creatures
  A giant gecko (D:1)
  A hobgoblin (D:1)
  3 jackals (D:1)
  A kobold (D:1)
  A giant newt (D:1)
  A goblin (D:1)
8 creatures vanquished.

Vanquished Creatures (collateral kills)
  A bat (D:1)
  A kobold (D:1)
2 creatures vanquished.

Grand Total: 10 creatures vanquished

Notes
Turn   | Place    | Note
--------------------------------------------------------------
     0 | D:1      | Pepeogr the Draconian Transmuter began the quest for the Orb.
     0 | D:1      | Reached XP level 1. HP: 16/16 MP: 3/3
   119 | D:1      | Reached XP level 2. HP: 10/23 MP: 5/5
   126 | D:1      | Learned a level 2 spell: Sticks to Snakes
   519 | D:2      | HP: 1/23 [adder (4)]
   520 | D:1      | Succumbed to an adder's poison

Action                   || total
-------------------------++-------
Melee: Unarmed           ||    22
       Club              ||    19
       Hand axe          ||    10
 Cast: Beastly Appendage ||     3
       Sticks to Snakes  ||     4
